Map: World of Sleepers LE

Players

soul - Winner!

  • Race: Terran Terran
  • League: Grandmaster
  • Spawn Location: 1:00

goblin

  • Race: Protoss Protoss
  • Spawn Location: 7:00

Event: NationWars 2019

VOD

Have the link to the VOD?

Description

Time

  • Played on: Nov. 17, 2019, 2:44 p.m.
  • Length: 22:05

All games in this series

Show
View Real Time Build Order
Export as new Build Order

soul Terran - Winner!

Build Orders: Reaper Expand 

Get SALT Encoding   

  12  0:01  SCV  
  13  0:13  SCV  
  14  0:17  Supply Depot  
  14  0:25  SCV  
  15  0:39  SCV  
  15  0:40  Barracks  
  16  0:44  Refinery  
  16  0:51  SCV  
  17  1:03  SCV  
  18  1:15  SCV  
  19  1:27  Reaper  
  19  1:28  Orbital Command  
  20  1:40  Command Center  
  20  1:51  Supply Depot  
  20  1:53  SCV  
  21  1:59  Marine  
  22  2:06  SCV  
  23  2:15  Refinery  
  23  2:16  Factory  
  23  2:18  SCV  
  23  2:22  Barracks Reactor  
  24  2:30  SCV  
  25  2:42  SCV  
  25  2:54  SCV  
  25  2:57  Orbital Command  
  26  2:59  Marine x2  
  26  3:00  Widow Mine, Starport  
  30  3:06  SCV, Bunker  
  31  3:17  Marine x2  
  31  3:18  SCV  
  34  3:22  Factory Tech Lab  
  34  3:24  SCV  
  35  3:30  SCV  
  36  3:34  Supply Depot  
  36  3:35  Marine x2  
  36  3:37  SCV  
  36  3:40  Viking  
  41  3:42  SCV  
  41  3:48  Cyclone  
  45  3:49  SCV  
  45  3:55  Marine, Supply Depot  
  46  3:56  SCV  
  46  4:00  Marine  
  46  4:01  SCV  
  50  4:08  SCV  
  51  4:13  Command Center  
  51  4:15  SCV  
  52  4:19  Viking  
  52  4:21  SCV  
  54  4:26  Cyclone  
  54  4:27  SCV  
  58  4:32  Supply Depot  
  58  4:33  Marine, SCV  
  58  4:34  Marine  
  61  4:39  SCV  
  61  4:45  SCV  
  61  4:51  SCV  
  62  4:53  Barracks  
  62  4:55  Barracks  
  62  4:57  SCV  
  63  5:03  SCV, Engineering Bay x2  
  63  5:04  Marine x2  
  65  5:09  SCV  
  65  5:14  Refinery  
  69  5:15  Refinery, SCV  
  69  5:17  Supply Depot  
  70  5:23  Starport Reactor  
  70  5:24  SCV  
  70  5:26  Supply Depot x2  
  71  5:28  Orbital Command  
  71  5:33  Terran Infantry Armor Level 1, SCV, Terran Infantry Weapons Level 1  
  69  5:37  Missile Turret  
  69  5:39  Stimpack  
  69  5:40  Factory Reactor  
  69  5:42  Barracks Tech Lab  
  69  5:46  Missile Turret, SCV x2  
  69  5:47  Marine  
  72  5:51  Marine  
  72  5:52  Marine  
  74  5:58  SCV x2  
  74  6:01  Medivac x2  
  80  6:05  Marine  
  80  6:09  Marine  
  80  6:10  SCV, Combat Shield, Orbital Command  
  83  6:13  Missile Turret, Marine x2  
  83  6:15  SCV  
  86  6:22  SCV  
  86  6:23  Marine, Barracks  
  88  6:26  Barracks  
  88  6:27  Marine, SCV  
  89  6:33  Marine, Marauder  
  89  6:34  SCV  
  89  6:35  SCV  
  89  6:39  SCV  
  95  6:42  Medivac  
  95  6:43  Supply Depot  
  95  6:44  Supply Depot  
  95  6:46  Medivac  
  95  6:47  SCV x2  
  100  6:51  SCV  
  100  6:52  Refinery  
  102  6:54  Refinery, Armory  
  102  6:57  Marauder  
  102  6:59  Marine, SCV x2  
  102  7:00  Marauder  
  109  7:05  SCV  
  109  7:08  Starport  
  109  7:10  Supply Depot  
  109  7:11  SCV x2, Supply Depot  
  110  7:17  SCV, Viking  
  110  7:18  Viking  
  110  7:19  Concussive Shells  
  110  7:21  Barracks Reactor  
  110  7:22  Barracks Tech Lab  
  115  7:26  Supply Depot  
  115  7:28  Sensor Tower, Marine, SCV  
  117  7:32  Marine, Marauder  
  117  7:33  SCV  
  117  7:34  Supply Depot  
  121  7:39  SCV  
  122  7:45  Terran Ship Weapons Level 1  
  122  7:47  Marauder  
  122  7:49  Command Center  
  122  7:50  Viking  
  126  7:52  Viking  
  126  7:57  Viking  
  130  8:02  Terran Infantry Armor Level 2  
  130  8:05  Supply Depot  
  130  8:06  SCV  
  130  8:08  Ghost Academy  
  130  8:09  Terran Infantry Weapons Level 2  
  130  8:12  Marauder  
  132  8:15  Marauder  
  132  8:17  Marauder  
  132  8:18  SCV  
  136  8:24  Supply Depot  
  136  8:25  Viking  
  136  8:26  SCV  
  139  8:28  Viking  
  139  8:31  Supply Depot, Viking  
  143  8:35  Viking  
  143  8:38  Missile Turret  
  143  8:41  SCV x2  
  146  8:43  Enhanced Shockwaves, Unknown  
  146  8:48  Marauder x2  
  149  8:54  SCV x2  
  153  8:59  Sensor Tower  
  153  9:01  Planetary Fortress, Bunker  
  153  9:02  SCV  
  154  9:06  SCV  
  154  9:09  Ghost  
  153  9:12  Ghost  
  153  9:14  SCV  
  158  9:18  Viking  
  158  9:20  Viking  
  158  9:21  Marauder  
  158  9:23  Marine  
  162  9:25  Marine  
  162  9:28  Viking  
  162  9:29  Viking  
  163  9:32  Marine  
  164  9:39  Marauder  
  164  9:41  Marauder  
  164  9:42  Marine, Marauder  
  169  9:46  Marine  
  169  9:48  Viking  
  169  9:50  Viking  
  169  9:51  Barracks x2  
  174  9:57  Marine  
  174  9:58  Viking x2  
  179  10:00  Marauder  
  185  10:18  Viking  
  185  10:20  Viking  
  189  10:22  Ghost x2  
  188  10:34  Command Center, Liberator x3  
  188  10:35  Marine  
  166  10:36  Marauder  
  166  10:38  Marine  
  166  10:41  Marine  
  166  10:42  Liberator  
  144  10:44  Marine  
  144  10:47  Marine  
  131  10:52  Marauder x2, Marine  
  131  10:53  Marine  
  131  10:56  Marine  
  133  10:57  Marauder  
  133  11:02  Marine  
  139  11:06  SCV x3  
  139  11:08  Marine  
  139  11:09  Marine  
  139  11:10  Marine  
  139  11:11  Marine  
  145  11:13  Marauder x2  
  145  11:14  Marine  
  145  11:18  Marauder, SCV x2  
  152  11:19  SCV  
  152  11:20  Marine  
  131  11:25  Marine  
  131  11:30  SCV  
  120  11:34  Marauder  
  120  11:35  Marauder, Marine  
  120  11:39  Marine x4  
  131  11:40  Marauder  
  131  11:43  Marine, SCV x2  
  131  11:46  Medivac x3  
  140  11:53  Marine  
  141  11:54  Terran Infantry Weapons Level 3  
  141  11:55  Marine  
  141  11:56  Marauder  
  141  12:00  Orbital Command  
  144  12:02  Marine, Marauder  
  147  12:11  Viking  
  147  12:13  Ghost  
  151  12:20  Ghost  
  153  12:23  Ghost  
  153  12:27  Refinery  
  153  12:28  Refinery  
  145  12:41  Ghost  
  145  12:43  Marine  
  148  12:45  SCV x2  
  148  12:46  SCV  
  148  12:47  Viking  
  148  12:48  Ghost  
  148  12:50  SCV  
  156  12:52  Marauder  
  155  13:00  Marine  
  155  13:02  Command Center, Marine  
  155  13:04  Viking  
  150  13:07  Viking  
  150  13:10  Ghost  
  154  13:13  Marine, Marauder  
  154  13:17  Viking  
  154  13:18  Marauder, Marine  
  162  13:20  Barracks Tech Lab x2  
  162  13:22  SCV x2  
  162  13:24  Terran Infantry Armor Level 3  
  164  13:27  Factory Reactor  
  164  13:28  SCV x2  
  165  13:34  SCV  
  165  13:35  Marauder  
  165  13:38  Viking x2  
  165  13:39  Marauder x2  
  176  13:41  Liberator  
  176  13:42  Viking  
  176  13:43  Sensor Tower  
  176  13:46  Marauder x2  
  182  13:49  Marine  
  182  13:54  SCV  
  184  13:56  Marauder  
  184  14:00  Marauder  
  191  14:05  Marine  
  191  14:06  Marauder  
  191  14:08  Marine, Marauder  
  196  14:23  Terran Ship Weapons Level 2, Viking x2  
  200  14:24  Supply Depot  
  200  14:30  Planetary Fortress  
  200  14:45  Marine, Viking  
  195  14:52  Starport  
  195  14:53  Barracks  
  195  14:55  Command Center, Fusion Core  
  195  14:56  Command Center  
  195  14:57  Neosteel Armor, Personal Cloaking  
  195  15:04  Medivac x2  
  195  15:06  Medivac  
  199  15:20  Liberator x2  
  199  15:33  Liberator  
  196  15:38  Starport Tech Lab  
  196  15:40  Viking  
  196  15:41  Command Center  
  196  15:42  SCV x3  
  197  15:55  Advanced Ballistics  
  189  16:23  Liberator x4, Nuke  
  174  16:30  Marine, Marauder x5  
  174  16:31  Marine  
  136  16:36  Marine  
  136  16:38  Marine  
  120  16:48  Marine x2  
  120  16:51  Marine  
  120  16:52  Marauder x4  
  120  16:54  Marine  
  129  16:56  Marine  
  125  17:06  Orbital Command  
  114  17:23  Ghost x2  
  114  17:24  Marine x3  
  114  17:26  Marine, Ghost x3  
  112  17:35  Orbital Command  
  109  17:41  Marine x2  
  108  17:47  Marine  
  106  17:51  Ghost  
  106  17:52  Marauder  
  106  17:55  Marine  
  106  17:56  Marauder  
  110  17:59  Marine  
  110  18:00  Marauder  
  110  18:05  SCV x2  
  115  18:18  Marine  
  115  18:19  Marauder  
  118  18:20  Marine  
  118  18:23  Marine  
  120  18:28  Marine  
  116  18:36  Marauder  
  116  18:39  Marine  
  109  18:51  Marine, Marauder  
  93  18:55  Marine  
  93  19:01  Marauder  
  94  19:07  Marauder  
  96  19:12  Marine  
  97  19:19  Marine  
  97  19:22  Marine  
  92  19:29  Marine  
  87  19:32  Marine  
  71  19:39  Marine  
  71  19:43  Marine  
  70  19:48  Marine  
  71  19:53  Marine  
  71  19:59  Marine  
  72  20:03  Marine  
  72  20:04  Orbital Command  
  74  20:09  Marine  
  74  20:25  SCV x2  
  75  20:30  Marine  
  75  20:33  Orbital Command  
  76  20:38  SCV  
  74  20:50  SCV  
  74  20:51  SCV  
  74  20:52  Liberator  
  74  20:56  Engineering Bay  
  76  21:00  SCV x2  
  81  21:15  SCV x2  
  81  21:16  SCV x2  
  85  21:20  Marine, Marauder  
  80  21:33  Marine, Marauder  
  80  21:37  SCV  
  80  21:38  SCV  
  85  21:41  SCV x4  
  89  21:49  SCV  
  89  21:50  SCV  
  89  21:51  Missile Turret  
  89  21:53  Refinery  
  89  21:54  Refinery  
Show
View Real Time Build Order
Export as new Build Order

goblin Protoss 

Build Orders: 1 Gate Expand, Phoenix Opening, Colossus Rush 

Get SALT Encoding   

  12  0:00  Probe  
  13  0:12  Probe  
  14  0:17  Pylon  
  14  0:25  Probe (Chrono Boost)  
  15  0:36  Gateway  
  15  0:37  Probe (Chrono Boost)  
  16  0:44  Probe (Chrono Boost)  
  16  0:47  Assimilator  
  17  0:51  Probe  
  18  1:03  Probe  
  19  1:20  Nexus  
  19  1:23  Probe  
  20  1:33  Cybernetics Core  
  20  1:37  Probe  
  21  1:43  Assimilator  
  21  1:49  Probe  
  21  1:52  Pylon  
  22  2:02  Probe (Chrono Boost)  
  22  2:08  Adept (Chrono Boost)  
  23  2:13  Probe (Chrono Boost)  
  26  2:17  Probe (Chrono Boost)  
  27  2:24  Stargate  
  27  2:26  Warp Gate  
  28  2:31  Adept  
  28  2:32  Probe (Chrono Boost)  
  28  2:33  Probe (Chrono Boost)  
  32  2:45  Probe (Chrono Boost)  
  32  2:46  Probe (Chrono Boost)  
  32  2:53  Probe  
  33  2:58  Probe  
  33  3:01  Adept  
  33  3:05  Probe  
  37  3:08  Phoenix (Chrono Boost)  
  37  3:11  Probe  
  40  3:14  Pylon  
  40  3:17  Probe  
  41  3:23  Probe  
  41  3:24  Phoenix (Chrono Boost)  
  44  3:30  Probe (Chrono Boost)  
  44  3:32  Robotics Facility  
  45  3:35  Probe (Chrono Boost)  
  46  3:43  Assimilator  
  46  3:45  Assimilator  
  46  3:47  Probe x2 (Chrono Boost)  
  48  3:49  Pylon  
  48  3:52  Phoenix  
  48  3:53  Probe (Chrono Boost)  
  48  3:54  Probe (Chrono Boost)  
  52  4:04  Probe  
  52  4:05  Probe  
  54  4:17  Phoenix  
  54  4:19  Probe x2  
  54  4:23  Observer (Chrono Boost), Pylon  
  59  4:29  Nexus  
  59  4:33  Robotics Bay  
  59  4:35  Pylon  
  59  4:36  Observer (Chrono Boost)  
  59  4:38  Probe x2  
  62  4:47  Phoenix  
  62  4:50  Probe  
  62  4:51  Probe  
  66  4:55  Immortal (Chrono Boost)  
  70  5:04  Gateway  
  70  5:11  Observer  
  70  5:12  Gateway  
  70  5:18  Observer, Zealot  
  70  5:20  Pylon  
  74  5:26  Colossus (Chrono Boost)  
  78  5:38  Probe x2  
  78  5:39  Pylon  
  78  5:42  Phoenix  
  82  5:49  Extended Thermal Lance  
  82  5:50  Probe x2 (Chrono Boost)  
  82  5:56  Probe (Chrono Boost)  
  85  5:57  Observer  
  85  5:58  Gateway  
  85  5:59  Gateway  
  85  6:00  Probe (Chrono Boost), Gateway  
  85  6:01  Probe (Chrono Boost), Sentry  
  90  6:04  Probe (Chrono Boost)  
  90  6:05  Probe (Chrono Boost)  
  91  6:12  Colossus (Chrono Boost)  
  91  6:13  Probe  
  91  6:14  Probe  
  99  6:27  Twilight Council, Forge  
  99  6:31  Probe x2, Pylon  
  99  6:32  Probe  
  102  6:41  Stalker x3  
  102  6:43  Assimilator, Probe  
  102  6:45  Assimilator  
  109  6:50  Probe x2  
  111  6:59  Probe  
  112  7:01  Pylon  
  112  7:02  Probe x2, Blink (Chrono Boost)  
  112  7:06  Pylon  
  114  7:08  Protoss Ground Weapons Level 1 (Chrono Boost)  
  114  7:12  Pylon x2  
  114  7:16  Colossus (Chrono Boost)  
  114  7:18  Observer  
  120  7:26  Stalker x3  
  120  7:28  Observer  
  126  7:31  Observer  
  126  7:32  Gateway  
  126  7:33  Gateway  
  126  7:35  Pylon  
  126  7:44  Nexus  
  126  7:45  Observer  
  126  7:46  Pylon  
  126  7:58  Immortal (Chrono Boost)  
  126  8:00  Stalker x2  
  126  8:01  Stalker x3  
  126  8:05  Observer  
  140  8:08  Stalker  
  142  8:20  Probe  
  142  8:21  Probe  
  142  8:22  Observer  
  142  8:23  Probe  
  145  8:27  Warp Prism (Chrono Boost)  
  145  8:33  Probe  
  148  8:35  Forge  
  148  8:37  Probe  
  148  8:38  Probe  
  150  8:53  Stalker x2  
  150  8:54  Stalker  
  150  8:55  Charge (Chrono Boost)  
  156  8:57  Pylon  
  156  8:59  Pylon  
  156  9:00  Pylon, Protoss Ground Armor Level 1 (Chrono Boost)  
  156  9:03  Gateway  
  156  9:05  Stalker  
  156  9:06  Gateway, Stalker x4  
  156  9:09  Unknown  
  166  9:10  Pylon, Immortal  
  166  9:12  Protoss Ground Weapons Level 2 (Chrono Boost)  
  170  9:26  Observer  
  170  9:30  Stalker x4  
  170  9:31  Stalker x3  
  182  9:32  Observer, Zealot  
  182  10:01  Zealot x4  
  182  10:02  Zealot x4  
  182  10:03  Stalker  
  176  10:37  Protoss Ground Armor Level 2 (Chrono Boost)  
  176  10:38  Observer x2, Colossus (Chrono Boost)  
  176  10:41  Zealot x2  
  176  10:42  Zealot x7  
  154  10:43  Zealot  
  154  10:47  Zealot x2  
  154  10:48  Zealot x8  
  122  11:04  Nexus  
  122  11:05  Pylon, Gateway  
  122  11:08  Zealot x6  
  122  11:09  Zealot x4  
  122  11:11  Pylon, Gateway  
  142  11:17  Protoss Ground Weapons Level 3 (Chrono Boost)  
  142  11:24  Immortal (Chrono Boost)  
  124  11:25  Observer  
  112  11:35  Stalker x3  
  112  11:36  Stalker x7  
  125  11:47  Observer  
  125  11:54  Warp Prism (Chrono Boost)  
  125  11:59  Zealot x2  
  125  12:00  Zealot x8  
  147  12:05  Dark Shrine  
  147  12:06  Templar Archives  
  147  12:19  Stalker x3  
  147  12:21  Stalker x4  
  161  12:23  Stalker x2  
  161  12:24  Sentry  
  161  12:25  Sentry x2  
  167  12:45  Observer, Protoss Shields Level 1 (Chrono Boost)  
  167  12:46  Stalker x2  
  167  12:47  Stalker x2  
  167  12:49  High Templar x2  
  167  12:50  High Templar x4  
  185  12:56  Probe x2  
  185  12:58  Archon x2  
  184  13:04  Archon  
  184  13:13  Probe x4  
  184  13:15  Zealot x2  
  184  13:16  Zealot x3  
  184  13:17  Observer (Chrono Boost)  
  198  13:30  Observer (Chrono Boost)  
  197  13:36  Zealot  
  197  13:38  Gravitic Drive (Chrono Boost), Shadow Stride  
  195  14:17  Colossus (Chrono Boost)  
  200  14:26  Protoss Ground Armor Level 3 (Chrono Boost)  
  200  14:28  Gravitic Boosters  
  200  14:30  Psionic Storm  
  200  14:37  Observer  
  200  14:41  Stalker x2  
  200  14:42  Stalker  
  192  15:00  Warp Prism (Chrono Boost)  
  194  15:11  High Templar x2  
  195  15:48  Dark Templar x2  
  195  15:49  Dark Templar x2  
  193  15:53  Assimilator  
  193  15:54  Assimilator, Probe  
  193  15:55  Pylon  
  193  15:56  Stalker x3  
  197  15:58  Probe  
  197  16:02  Stalker  
  197  16:03  Stalker  
  188  16:06  Pylon  
  188  16:07  Nexus  
  186  16:19  Dark Templar x3, Zealot  
  186  16:20  Zealot x2  
  175  16:28  Dark Templar x2, Zealot x3  
  175  16:29  Dark Templar  
  129  16:42  Dark Templar x3  
  135  16:51  Zealot x3  
  135  16:52  Zealot x3  
  145  17:08  Protoss Shields Level 2 (Chrono Boost)  
  119  17:17  Colossus (Chrono Boost), Stalker  
  119  17:18  Stalker x8  
  119  17:19  Stalker x3  
  119  17:22  Probe x2  
  151  17:23  Probe x3  
  154  17:34  Probe  
  155  17:40  Probe  
  155  17:43  Probe  
  155  17:44  Probe x2  
  157  17:47  Probe  
  157  17:50  High Templar x4  
  157  17:51  High Templar x2  
  170  17:52  Dark Templar x2, Zealot x4  
  170  17:57  Archon x3  
  168  18:13  Photon Cannon x2  
  168  18:16  Warp Prism (Chrono Boost)  
  157  18:22  Stalker  
  157  18:23  Stalker  
  149  18:35  Dark Templar x2, Zealot  
  149  18:39  High Templar x4  
  163  18:44  Observer (Chrono Boost)  
  146  18:54  Zealot x2  
  146  18:55  Zealot x3  
  128  18:56  Observer  
  117  19:13  Dark Templar  
  117  19:17  Archon  
  117  19:21  Archon  
  117  19:23  Stalker x7  
  107  19:34  Zealot x3  
  79  19:46  Stalker  
  79  19:47  Zealot x3, Stalker x2  
  84  19:55  Probe (Chrono Boost)  
  84  19:56  Observer  
  79  20:05  Probe (Chrono Boost)  
  80  20:10  Probe (Chrono Boost)  
  74  20:36  Observer  
  70  20:48  Stalker  
  68  20:53  Zealot x3  
  68  20:54  Zealot x2  
  75  21:20  Dark Templar  
  52  21:43  Stalker  
  52  21:45  Stalker  
Tags
 
Add a new tag
Caveats
  • Supply blocks, unpowered buildings, or Contaminate may cause inaccurate times.
  • Supply counts are checked every 10 seconds.